 Dungeon Crawl Stone Soup version 0.23-a0-241-g3b46b07 (webtiles) character file.

219 MisterFreud the Poker (level 5, -6/45 HPs)
             Began as a Minotaur Fighter on Sept 26, 2018.
             Killed from afar by an orc wizard (11 damage)
             ... with a puff of flame
             ... on level 4 of the Dungeon.
             The game lasted 00:04:04 (1659 turns).

MisterFreud the Poker (Minotaur Fighter)            Turns: 1659, Time: 00:04:05

Health: -6/45      AC:  6    Str: 18 (21) XL:     5   Next: 63%
Magic:  4/4        EV:  7    Int:  4 (5)  God:
Gold:   71         SH:  0    Dex:  8 (10) Spells: 4/4 levels left

rFire    . . .     SeeInvis .   a - +0 trident
rCold    . . .     Gourm    .   c - +0 shield
rNeg     . . .     Faith    .   b - +0 scale mail
rPois    .         Spirit   .   (helmet restricted)
rElec    .         Reflect  .   (no cloak)
rCorr    .         Harm     .   (no gloves)
MR       .....                  (no boots)
Stlth    ..........             (no amulet)
HPRegen  0.15/turn              (no ring)
MPRegen  0.09/turn              (no ring)

@: confused
A: retaliatory headbutt, horns 2
a: no special abilities


You were on level 4 of the Dungeon.
You were not hungry.

You visited 1 branch of the dungeon, and saw 4 of its levels.

You collected 71 gold pieces.

Inventory:

Hand Weapons
 a - a +0 trident (weapon)
Missiles
 i - 54 stones (quivered)
 t - 31 bolts
Armour
 b - a +0 scale mail (worn)
 c - a +0 shield (worn)
Scrolls
 e - 2 scrolls of remove curse {unknown}
 g - a scroll of magic mapping {unknown}
 h - a scroll of noise {unknown}
 j - 2 scrolls of identify {unknown}
 l - a scroll of teleportation {unknown}
 p - 2 scrolls of enchant weapon {unknown}
 q - a scroll of enchant armour {unknown}
 s - a scroll of fog {unknown}
Potions
 d - a potion of might
 n - a potion of magic
Comestibles
 f - 6 rations
 u - 5 chunks of flesh


   Skills:
 - Level 3.6 Fighting
 + Level 7.2 Polearms
 - Level 3.6 Armour
 - Level 3.6 Shields


You had 4 spell levels left.
You didn't know any spells.
Your spell library was empty.

Dungeon Overview and Level Annotations

Branches:
Dungeon (3/15)

Altars:
Trog


Innate Abilities, Weirdness & Mutations

You reflexively headbutt those who attack you in melee.
You have a pair of horns on your head.


Message History

a dagger; an amethyst potion You bump into the rock wall.
The orc shouts!
You hear a shout! x2
The giant cockroach barely misses you.
The orc wizard points at you and mumbles some strange words.
The magic dart hits you!
* * * LOW HITPOINT WARNING * * *
You're too confused!
Unknown command.
Unknown command.
It was a potion of degeneration.
There was something very wrong with that liquid.
You feel weakened.
You feel dopey.
You feel clumsy.
The giant cockroach bites you but does no damage.
An orc comes into view. It is wielding a mace.
The orc shouts!
An orc comes into view. It is wielding a falchion.
The orc wizard casts a spell at you. The puff of flame hits you!
You die...

#.....# #.....#
# #....!# ..
......+ ...
#.....# #...
#.....# #...o
#.....#
#...o.###o....#
#......@s.....#
#.............#
#.###.........#
#######..## ++#


You could see an orc wizard, 2 orcs and a giant cockroach.

Vanquished Creatures
  2 orc priests
  Natasha (D:2)
  A gnoll (D:1)
  6 adders (D:2)
  An ooze (D:2)
  2 worms (D:2)
  2 leopard geckos (D:2)
  6 orcs
  4 giant cockroaches
  7 goblins
  6 hobgoblins
  A quokka (D:2)
  6 bats
  3 frilled lizards
  10 kobolds
  2 rats (D:1)
60 creatures vanquished.

Notes
Turn   | Place    | Note
-------+----------+-------------------------------------------
     0 | D:1      | MisterFreud the Minotaur Fighter began the quest for the
                  | Orb.
     0 | D:1      | Reached XP level 1. HP: 19/19 MP: 0/0
   135 | D:1      | Reached skill level 3 in Polearms
   135 | D:1      | Reached XP level 2. HP: 26/26 MP: 1/1
   294 | D:1      | Reached skill level 4 in Polearms
   680 | D:1      | Reached XP level 3. HP: 31/31 MP: 2/2
   763 | D:2      | Reached skill level 5 in Polearms
   817 | D:2      | Reached XP level 4. HP: 22/39 MP: 3/3
  1040 | D:2      | Found a bloodstained altar of Trog.
  1360 | D:3      | Reached skill level 6 in Polearms
  1529 | D:3      | Noticed Natasha
  1562 | D:2      | Killed Natasha
  1562 | D:2      | Reached XP level 5. HP: 40/45 MP: 4/4
  1645 | D:3      | You fall through a shaft!
  1655 | D:4      | Reached skill level 7 in Polearms
  1659 | D:4      | Killed from afar by an orc wizard

Vault maps used:
D:1:      nicolae_arrival_memento_mori, minmay_misc_feat_plants,
          grunt_decor_arrowhead, minmay_octomino_j4
D:2:      cheibrodos_old_hovel, bloody_trog
D:3:      gammafunk_ghost_icy, uniq_natasha
D:4:      kennysheep_big_flooded_room, kennysheep_mini,
          nicolae_overflow_hidden_temple, nicolae_overflow_crystal_walls,
          minmay_surrounded

Skill      XL: |  1  2  3  4  5 |
---------------+----------------+-----
Polearms       | 3 4 5 6 7 |  7.2
Fighting       | |  3.6
Armour         | |  3.6
Shields        | |  3.6

Action                   |  1- 3 |  4- 6 || total
-------------------------+-------+-------++-------
Melee: Trident           |   119 |   102 ||   221
       Headbutt          |    12 |    14 ||    26
  Use: Potion            |       |     5 ||     5
  Eat: Chunk             |       |     3 ||     3
Armor: Scale mail        |    38 |    42 ||    80
Dodge: Dodged            |    14 |    34 ||    48
Block: Shield            |    47 |    49 ||    96

Table legend:
 A = Non-vault XP
 B = Vault XP
 C = Vault XP percentage of total XP
 D = Non-vault monster count
 E = Vault monster count
 F = Vault count percentage of total count
                 A         B        C        D         E       F
            +---------+---------+-------+---------+---------+-------
      Total |     260 |      53 |  16.9 |      55 |       5 |   8.3
            +---------+---------+-------+---------+---------+-------
        D:1 |      38 |       5 |  11.6 |      17 |       3 |  15.0
        D:2 |     133 |      48 |  26.5 |      32 |       2 |   5.9
        D:3 |      51 |       0 |   0.0 |       5 |       0 |   0.0
        D:4 |      38 |       0 |   0.0 |       1 |       0 |   0.0
            +---------+---------+-------+---------+---------+-------
